 Dungeon Crawl Stone Soup version 0.18.1-48-g4cf74bf (webtiles) character file.

54 Melfield the Cudgeler (level 3, 0/41 HPs)
             Began as an Ogre Berserker on Aug 12, 2016.
             Was a Believer of Trog.
             Slain by a hobgoblin (1 damage)
             ... on level 2 of the Dungeon.
             The game lasted 00:03:30 (1475 turns).

Melfield the Cudgeler (Ogre Berserker)              Turns: 1475, Time: 00:03:31

Health: 0/41       AC:  3    Str: 22    XL:     3   Next: 91%
Magic:  3/3        EV: 10    Int:  6    God:    Trog [**....]
Gold:   44         SH:  0    Dex: 10    Spells: 0 memorised, 2 levels left

rFire  . . .     SeeInvis .     a - +0 mace
rCold  . . .     Gourm    .     b - +0 animal skin
rNeg   . . .     Faith    .     (no shield)
rPois  .         Spirit   .     (helmet restricted)
rElec  .         Dismiss  .     (no cloak)
rCorr  .         Reflect  .     (gloves unavailable)
SustAt .         Harm     .     (boots unavailable)
MR     .....                    (no amulet)
Stlth  +.........               (no ring)
                                (no ring)

@: starving, not resistant to hostile enchantments, very unstealthy
A: unfitting armour, tough skin 1
a: Berserk, Trog's Hand, Burn Spellbooks, Renounce Religion


You were on level 2 of the Dungeon.
You worshipped Trog.
Trog was pleased with you.
You were starving.

You visited 1 branch of the dungeon, and saw 2 of its levels.

You collected 44 gold pieces.

Inventory:

Hand Weapons
 a - a +0 mace (weapon)
Armour
 b - a +0 animal skin (worn)
 f - a cursed +0 cloak
Jewellery
 e - a +5 ring of slaying {unknown}
Scrolls
 d - a scroll of teleportation {unknown}
 g - a scroll of recharging {unknown}
 h - a scroll of remove curse {unknown}
 i - a scroll of noise {unknown}
Potions
 j - a potion of lignification {unknown}
 k - a potion of haste {unknown}
Comestibles
 c - a bread ration (quivered)


   Skills:
 + Level 4.8 Fighting
 + Level 4.8 Maces & Flails
 + Level 3.2 Dodging
 + Level 0.1 Stealth


You had 2 spell levels left.
You didn't know any spells.

Dungeon Overview and Level Annotations

Branches:
Dungeon (2/15)

Altars:


Innate Abilities, Weirdness & Mutations

You are too large for most types of armour.
You have tough skin (AC +1).


Message History

The hobgoblin is moderately wounded.
The rat closely misses you. The hobgoblin barely misses you. x2
The giant cockroach barely misses you.
You hit the hobgoblin but do no damage.
The hobgoblin is moderately wounded.
The rat barely misses you. The hobgoblin closely misses you.
The hobgoblin barely misses you. The giant cockroach bites you.
* * * LOW HITPOINT WARNING * * *
The rat bites you.
* * * LOW HITPOINT WARNING * * *
The hobgoblin hits you with a club.
* * * LOW HITPOINT WARNING * * *
The bat hits you but does no damage. The rat bites you.
* * * LOW HITPOINT WARNING * * *
The giant cockroach bites you.
* * * LOW HITPOINT WARNING * * *
The bat hits you but does no damage.
The giant cockroach bites you but does no damage.
The hobgoblin hits you.
You die...

# ..##...#
#.####......##
....!.)....
).......#### .##
#..........
...###......#
#....r.sg..#
###...bg####
##....#@..#
........#..#
##.#......####.##..#
........ #.# #.#
###.#...#. #.# .#
........ ## #.# .
#...... .###.# .
...##.# ..#.#
...##.# #.#.#


You could see a giant cockroach, 2 hobgoblins, a bat and a rat.

Vanquished Creatures
  An adder (D:2)
  2 oozes (D:1)
  2 dart slugs (D:1)
  A giant gecko (D:1)
  A ball python (D:2)
  3 bats
  2 giant cockroaches (D:1)
  2 goblins (D:1)
  6 hobgoblins
  2 giant newts (D:1)
  4 kobolds
  4 rats
30 creatures vanquished.

Notes
Turn   | Place    | Note
--------------------------------------------------------------
     0 | D:1      | Melfield the Ogre Berserker began the quest for the Orb.
     0 | D:1      | Reached XP level 1. HP: 24/24 MP: 1/1
    20 | D:1      | Reached XP level 2. HP: 24/32 MP: 2/2
   807 | D:1      | Reached XP level 3. HP: 30/40 MP: 3/3
   841 | D:1      | HP: 3/60 [goblin (4)]
   933 | D:1      | Reached ** piety under Trog
  1113 | D:1      | Paralysed by fainting for 6 turns
  1474 | D:2      | HP: 1/41 [giant cockroach (2)]
  1475 | D:2      | Slain by a hobgoblin

Skill      XL: |  1  2 |
---------------+-------+-----
Dodging        | 3 |  3.2
Fighting       | |  4.8
Maces & Flails | |  4.8
Stealth        | |  0.1

Action                   || total
-------------------------++-------
Melee: Mace              ||    98
Invok: Berserk           ||     2
  Eat: Beef jerky        ||     1
Armor: Animal skin       ||    49
Dodge: Dodged            ||   114
